 Dungeon Crawl Stone Soup version 0.31-a0-1540-g5a0b83f448 (webtiles) character file.

Game seed: 12022423105747317892

120 Lobster4 the Digger (level 4, -10/61 HPs)
             Began as a Troll Earth Elementalist on Jan 1, 2024.
             Mangled by an orc warrior
             ... wielding a +2 battleaxe of distortion
              (22 damage)
             ... on level 3 of the Dungeon.
             The game lasted 00:05:40 (2315 turns).

Lobster4 the Digger (Troll Earth Elementalist)      Turns: 2315, Time: 00:05:41

Health: -10/61     AC:  4    Str: 16    XL:     4   Next: 75%
Magic:  5/5        EV: 10    Int: 19    God:
Gold:   118        SH:  0    Dex: 10    Spells: 2/6 levels left

rFire   . .          .
                       - Unarmed
rCold   . . .        (no shield)
rNeg    . . .        a - +0 robe
rPois   .            l - +0 hat
rElec   .            (no cloak)
rCorr   .            (gloves unavailable)
SInv    +            (boots unavailable)
Will    .....        g - amulet of the acrobat Stlth
                     r - +6 ring of intelligence
HPRegen 1.10/turn    k - ring of see invisible
MPRegen 0.09/turn

%: acrobat
@: berserking, very quick
A: large, unfitting armour, claws 3, regeneration 1, shaggy fur 1, tough skin 1
a: no special abilities


You were on level 3 of the Dungeon.
You visited 1 branch of the dungeon, and saw 4 of its levels.

You collected 118 gold pieces.

Inventory:

Hand Weapons
 d - a +1 whip of venom
Missiles
 c - 34 stones
 j - 5 poisoned darts
Armour
 a - a +0 robe (worn)
 l - a +0 hat (worn)
 m - an orb of energy
Jewellery
 g - an amulet of the acrobat (around neck)
 i - a ring of resist corrosion
 k - a ring of see invisible (right claw)
 r - a +6 ring of intelligence (left claw)
 u - an amulet of guardian spirit
Scrolls
 e - a scroll of enchant armour {unknown}
 p - a scroll of fog {unknown}
 q - a scroll of immolation {unknown}
 t - a scroll of blinking {unknown}
Potions
 b - 3 potions of magic
 f - a potion of cancellation {unknown}
 h - a potion of curing
 o - a potion of invisibility {unknown}
 s - a potion of attraction
 H - 4 potions of heal wounds


   Skills:
 + Level 1.1 Fighting
 + Level 0.6 Throwing
 + Level 0.9 Armour
 - Level 2.0 Dodging
 - Level 1.0 Stealth
 * Level 2.0 Unarmed Combat
 + Level 1.6 Spellcasting
 - Level 1.0 Conjurations
 + Level 3.1 Earth Magic


You had 2 spell levels left.
You knew the following spells:

 Your Spells              Type           Power      Damage    Failure   Level
a - Sandblast             Erth           26%        2d8       4%          1
p - Passwall              Erth           13%        N/A       14%         3

Your spell library contained the following spells:

 Spells                   Type           Power      Damage    Failure   Level
 Stone Arrow              Conj/Erth      18%        3d8       22%         3
 Brom's Barrelling Bould  Conj/Erth      9%         2d3       58%         4
 Petrify                  Alch/Erth      7%         N/A       67%         4


Dungeon Overview and Level Annotations

Branches:
Dungeon (4/15)
 Temple: D:4-7

Altars:


Innate Abilities, Weirdness & Mutations

You are too large for most types of armour.
You have claws for hands.
Your natural rate of healing is unusually fast.
You are covered in fur. (AC +1)
You have tough skin. (AC +1)


Message History

The bat barely misses you.
You miss the bat. The bat hits you.
A bat is nearby!
The bat closely misses you.
You barely miss the bat. The bat hits you but does no damage.
You barely miss the bat. The bat hits you but does no damage.
You completely miss the bat. The bat hits you but does no damage.
The bat hits you but does no damage.
You scratch the bat.
You kill the bat!
No target in view!
No target in view!
You enter the shallow water.
You enter the shallow water.
You enter the shallow water.
You see here a +0 short sword.
Done exploring.
Done exploring.
Search for what [Enter for "."]? .
There is a stone staircase leading down here.
You climb downwards.
The orc warrior shouts!
The orc wizard shouts!
The orc shouts! x2
Found a scroll labelled TOCKIA LOLOATULO.
There is a stone staircase leading up here.
The orc hits you with a +0 falchion.
The orc warrior hits you with a +2 battleaxe of distortion!!
Space warps around you.
* * * LOW HITPOINT WARNING * * *
You climb upwards.
There is a stone staircase leading down here.
Okay, then.
A red film seems to cover your vision as you go berserk!
You feel yourself moving faster!
You feel mighty! The orc barely misses you. The orc warrior misses you.
You completely miss the orc warrior. The orc hits you with a +0 falchion.
* * * LOW HITPOINT WARNING * * *
The orc warrior hits you with a +2 battleaxe of distortion.
* * * LOW HITPOINT WARNING * * *
Space warps horribly around you!!
You die...

#.##...#..................#
#.##.#.#.##..#.....######.#
#.##.#.#.##..##....######.#
#.##[..#.##..###.#........#
##.##...#.##..###.#..#####.#
.....................# #.#
##...................#
#.######
#####..##............#
#.......
#..##......o@....#####)######
#..##....).o...........# #
#..###...........#####.# #
#..# #...#######.# #.# # #..#
#...# #.#####.# #
###..###...# #.##....# ##
#.....####.# #.##.#### ##.
#.....## #.# #....# #.#
###......# #.# #.#### ##.


You could see an orc warrior and an orc.

Vanquished Creatures
  An orc priest (D:3)
  A gnoll (D:1)
  4 ribbon worms
  5 orcs
  8 endoplasms
  4 giant cockroaches
  2 goblins (D:2)
  3 hobgoblins
  3 jackals (D:1)
  2 quokkas
  A ball python (D:2)
  6 bats
  6 frilled lizards
  12 kobolds
  6 rats
64 creatures vanquished.

Notes
Turn   | Place    | Note
-------+----------+-------------------------------------------
     0 | D:1      | Lobster4 the Troll Earth Elementalist began the quest for
                  | the Orb.
     0 | D:1      | Reached XP level 1. HP: 16/16 MP: 1/1
    41 | D:1      | Reached XP level 2. HP: 24/24 MP: 2/2
    96 | D:1      | Reached skill level 1 in Unarmed Combat
   167 | D:1      | Reached skill level 1 in Conjurations
   220 | D:1      | Reached XP level 3. HP: 28/32 MP: 4/4
   693 | D:2      | You fall into a shaft and drop 2 floors!
   912 | D:3      | Reached skill level 3 in Earth Magic
   912 | D:3      | Reached XP level 4. HP: 38/40 MP: 5/5
  1067 | D:3      | Reached skill level 1 in Fighting
  1656 | D:2      | Learned a level 3 spell: Passwall
  2311 | D:4      | Noticed an orc warrior
  2315 | D:3      | Mangled by an orc warrior

Illustrated notes

Levels and vault maps discovered:
D:1:      dpeg_arrival_tiny_a, layout_rooms
D:2:      minmay_recursive_quarters, layout_loops_corners
D:3:      wander_river, layout_loops_ring
D:4:      layout_loops_ring

Skill      XL: |  1  2  3  4 |
---------------+-------------+-----
Unarmed Combat | 1 2 |  2.0
Conjurations   | 1 |  1.0
Earth Magic    | 3 |  3.1
Fighting       | 1 |  1.1
Dodging        | 2 |  2.0
Throwing       | |  0.6
Armour         | |  0.9
Stealth        | |  1.0
Spellcasting   | |  1.6

Action                     |  1- 3 |  4- 6 || total
---------------------------+-------+-------++-------
  Melee: Unarmed           |    67 |    88 ||   155
         Punch             |       |     2 ||     2
    Use: Scroll            |       |     4 ||     4
         Potion            |       |     1 ||     1
   Stab: Sleeping          |       |     2 ||     2
 Armour: Robe              |    35 |    51 ||    86
  Dodge: Dodged            |    31 |    68 ||    99

Table legend: (Time is in decaauts)
 A = Elapsed time spent in this place.
 B = Non-inter-level travel time spent in this place.
 C = Inter-level travel time spent in this place.
 D = Time resting spent in this place.
 E = Time spent auto-exploring this place.
 F = Levels seen in this place.
 G = Mean time per level.
                   A        B        C        D        E       F      G
               +--------+--------+--------+--------+--------+-----+--------+
         Total |   2312 |   2194 |    118 |    114 |   1601 |   4 |  578.0 |
       Dungeon |   2312 |   2194 |    118 |    114 |   1601 |   4 |  578.0 |
               +--------+--------+--------+--------+--------+-----+--------+

Top non-repeatable levels by time:
     D:2: 981 daAuts
     D:3: 670 daAuts
     D:1: 471 daAuts
     D:4: 188 daAuts
